 Dungeon Crawl Stone Soup version 0.25.1-2-g60ff931df9 (webtiles) character file.

Game seed: 13490960339594570820

48 DildoBatman the Magician (level 4, 0/30 HPs)
             Began as a Formicid Wizard on Sept 18, 2020.
             Killed by divine providence
             ... invoked by an orc priest
              (12 damage)
             ... on level 8 of the Dungeon.
             The game lasted 00:02:56 (2096 turns).

DildoBatman the Magician (Formicid Wizard)          Turns: 2096, Time: 00:02:56

Health: 0/30       AC:  2    Str: 12    XL:     4   Next: 0%
Magic:  0/8        EV: 12    Int: 18    God:
Gold:   106        SH:  0    Dex:  9    Spells: 8/9 levels left

rFire    . . .     SeeInvis +   k - +0 dagger
rCold    . . .     Gourm    .   (no shield)
rNeg     . . .     Faith    .   a - +0 robe
rPois    .         Spirit   .   (helmet unavailable)
rElec    .         Reflect  .   (no cloak)
rCorr    .         Harm     .   (no gloves)
MR       .....                  (no boots)
Stlth    ++........             (no amulet)
HPRegen  0.10/turn              h - ring of wizardry
MPRegen  0.11/turn              (no ring)

@: no status effects
A: permanent stasis, dig shafts and tunnels, four strong arms, antennae 3
a: Dig, Shaft Self


You were on level 8 of the Dungeon.
You were not hungry.

You visited 1 branch of the dungeon, and saw 5 of its levels.

You collected 106 gold pieces.

Inventory:

Hand Weapons
 k - a +0 dagger (weapon)
Missiles
 b - 92 stones (quivered)
 d - 9 poisoned darts
 g - 87 arrows
 m - 57 sling bullets
Armour
 a - a +0 robe (worn)
Jewellery
 f - an uncursed ring of magical power
 h - a ring of wizardry (left hand)
Scrolls
 e - 5 scrolls of teleportation {unknown}
 i - a scroll of blinking {unknown}
 l - 3 scrolls of identify {unknown}
 n - 2 scrolls of remove curse {unknown}
 o - a scroll of enchant weapon {unknown}
 q - a scroll of amnesia {unknown}
Potions
 c - a potion of haste {unknown}
 j - 2 potions of heal wounds {unknown}
 p - 2 potions of curing {unknown}
 r - 2 potions of stabbing {unknown}
 s - 2 potions of ambrosia {unknown}
Comestibles
 v - 8 rations


   Skills:
 - Level 1.7 Dodging
 - Level 2.4 Stealth
 - Level 3.2 Spellcasting
 * Level 3.1 Conjurations
   Level 1.0 Summonings
   Level 0.8 Translocations


You had 8 spell levels left.
You knew the following spells:

 Your Spells              Type           Power        Failure   Level  Hunger
c - Magic Dart            Conj           ##..         1%          1    None

Your spell library contained the following spells:

 Spells                   Type           Power        Failure   Level  Hunger
 Call Imp                 Summ           #.......     6%          2    ##.....
 Slow                     Hex            #.......     10%         2    ##.....
 Conjure Flame            Conj/Fire      #.......     11%         3    ###....
 Mephitic Cloud           Conj/Pois/Air  #.......     12%         3    ###....
 Blink                    Tloc           Unusable     N/A         2    N/A

Dungeon Overview and Level Annotations

Branches:
Dungeon (5/15)
 Temple: D:4-7

Altars:


Innate Abilities, Weirdness & Mutations

You cannot be hasted, slowed, berserked, paralysed or teleported.
You can dig through walls and to a lower floor.
Your four strong arms can wield two-handed weapons with a shield.
You have a pair of large antennae on your head. (SInv)


Message History

The orc barely misses you.
Casting: Magic Dart (safe; 1% risk of failure)
Confirm with . or Enter, or press ? or * to list all spells.
Aiming: Magic Dart (safe; 1% risk of failure)
Press: ? - help, Shift-Dir - straight line, f/p - orc
Aim: an orc, wielding a +0 flail (severely wounded)
The magic dart hits the orc.
You kill the orc!
You have reached level 4!
You feel stronger. What are your orders? t - Shout!
Orders for allies: a - Attack new target. r - Retreat! s - Stop attacking. g - Guard the area. f - Follow me.
Anything else - Cancel.
You shout for attention!
The orc priest calls down the wrath of Beogh upon you.
Beogh smites you!
You die...

####### ....... ### {
#....... ##@#
{{#....... #o####
#....... ##>..#
#####.......####...#
#......#####.##.#+###
#......#....#.##....#
#.....{#.o{.##.#....#
+......{....###.....#
#......#.#### ##....#


You could see an orc priest.

Vanquished Creatures
  2 adders (D:2)
  4 leopard geckos
  2 orcs (D:8)
  6 bats
  2 giant cockroaches
  A goblin (D:1)
  2 hobgoblins
  3 frilled lizards (D:2)
  2 kobolds
  2 rats
26 creatures vanquished.

Notes
Turn   | Place    | Note
-------+----------+-------------------------------------------
     0 | D:1      | DildoBatman the Formicid Wizard began the quest for the
                  | Orb.
     0 | D:1      | Reached XP level 1. HP: 13/13 MP: 4/4
    76 | D:1      | Reached skill level 1 in Conjurations
   464 | D:1      | Reached XP level 2. HP: 19/19 MP: 4/6
  1066 | D:2      | Reached XP level 3. HP: 24/24 MP: 1/7
  1782 | D:3      | You fall into a shaft and drop 2 floors!
  1782 | D:5      | Entered Level 5 of the Dungeon
  1868 | D:5      | Noticed a centaur
  1871 | D:5      | HP: 1/24 [centaur/arrow (1)]
  1875 | D:5      | You fall into a shaft and drop 3 floors!
  2095 | D:8      | Reached XP level 4. HP: 11/30 MP: 0/8
  2096 | D:8      | Killed from afar by an orc priest

Illustrated notes

Levels and vault maps discovered:
D:1:      psy_arrival_heroes, layout_basic
D:2:      layout_basic
D:3:      layout_loops_ring, first_ration, hangedman_decor_riveting,
          kennysheep_generic_room_10, uniq_natasha
D:5:      layout_loops_ring, minmay_temple_entry_tees
D:8:      layout_gridville, minmay_stone_trees_small, uniq_psyche

Skill      XL: |  1  2  3 |
---------------+----------+-----
Conjurations   | 1 2 3 |  3.1
Dodging        | |  1.7
Stealth        | |  2.4
Spellcasting   | |  3.2
Summonings     | |  1.0
Translocations | |  0.8

Action                   |  1- 3 |  4- 6 || total
-------------------------+-------+-------++-------
Melee: Unarmed           |     7 |       ||     7
       Dagger            |    13 |       ||    13
 Cast: Magic Dart        |    75 |     1 ||    76
 Abil: Dig               |     4 |       ||     4
       Shaft Self        |     1 |       ||     1
  Eat: Chunk             |     4 |       ||     4
Armor: Robe              |     5 |       ||     5
Dodge: Dodged            |    31 |       ||    31
